 Dungeon Crawl Stone Soup version bcrawl-1.12-11-gb93c957c58 (webtiles) character file.

Game seed: 8841120617144309400

130 JarielCorvus the Slasher (level 5, -4/32 HPs)
             Began as an Avariel Reaver on June 30, 2019.
             Was a Follower of Vehumet.
             Slain by a worker ant (5 damage)
             ... on level 3 of the Dungeon.
             The game lasted 00:06:20 (2361 turns).

JarielCorvus the Slasher (Avariel Reaver)           Turns: 2361, Time: 00:06:20

Health: -4/32      AC:  5    Str: 10    XL:     5   Next: 13%
Magic:  11/11      EV: 13    Int: 20    God:    Vehumet [*.....]
Gold:   162        SH:  1    Dex: 11    Spells: 8/9 levels left

rFire    . . .     SeeInvis .   a - +0 long sword
rCold    . . .     Gourm    .   (no shield)
rNeg     . . .     Faith    .   b - +0 steam dragon scales
rPois    .         Spirit   .   (no helmet)
rElec    .         Reflect  .   (no cloak)
rCorr    .         Harm     .   (no gloves)
MR       .....                  (no boots)
Stlth    +.........             (no amulet)
HPRegen  0.10/turn              (no ring)
MPRegen  0.12/turn              (no ring)

@: lethally poisoned (-4 -> -12)
A: no striking features
a: Renounce Religion


You were on level 3 of the Dungeon.
You worshipped Vehumet.
Vehumet was aware of your devotion.
You were hungry.

You visited 1 branch of the dungeon, and saw 3 of its levels.

You collected 162 gold pieces.

Inventory:

Hand Weapons
 a - a +0 long sword (weapon)
Armour
 b - +0 steam dragon scales (worn)
Scrolls
 d - 2 scrolls of immolation
 h - 2 scrolls of remove curse
 i - a scroll of enchant weapon {unknown}
 m - a scroll of blinking {unknown}
Potions
 c - a potion of haste
 e - a potion of berserk rage {unknown}
 g - a potion of ambrosia {unknown}
 j - 2 potions of curing {unknown}
 n - a potion of resistance {unknown}
 o - a potion of might {unknown}
Comestibles
 f - 9 rations {!d}


   Skills:
 + Level 3.3 Fighting
 + Level 5.0 Long Blades
 + Level 4.0 Dodging
 + Level 0.5 Stealth
 + Level 2.9 Spellcasting


You had 8 spell levels left.
You knew the following spells:

 Your Spells              Type           Power        Failure   Level  Hunger
a - Magic Dart            Conj           #...         14%         1    None

Your spell library contained the following spells:

 Spells                   Type           Power        Failure   Level  Hunger
 Iskenderun's Battlesphe  Conj/Chrm      #.......     99%         5    ######.


Dungeon Overview and Level Annotations

Branches:
Dungeon (3/12)

Altars:
Cheibriados


Message History

You closely miss the worker ant.
The worker ant is heavily wounded.
The worker ant bites you.
* * * LOW HITPOINT WARNING * * *
You hit the worker ant but do no damage.
The worker ant is heavily wounded.
The worker ant bites you.
* * * LOW HITPOINT WARNING * * *
You are lethally poisoned!
The worker ant poisons you!
The worker ant bites you but does no damage.
You hit the worker ant.
The worker ant is almost dead.
* * * LOW HITPOINT WARNING * * *
You feel sick. The worker ant barely misses you.
You barely miss the worker ant.
The worker ant is almost dead.
* * * LOW HITPOINT WARNING * * *
You feel sick. The worker ant bites you.
You die...

### ### #####.###..
... #.....##... #.#
##.##.##.... #.#
#####.....##.... #.#
###......#####...(
#.# #@..###..# #....
#?# #####a### #.##
#....
#######.####..>..#
#)# #....
#............#####
#.# ####....
..#####.###### ##.#
#....... #.# #.(#
#....... #.#
#.####....... #.#
########.###......(.
#.#
....................


You could see a worker ant.

Vanquished Creatures
  A crimson imp (D:3)
  3 adders
  An ooze (D:1)
  3 worms
  2 dart slugs
  2 leopard geckos
  An orc (D:3)
  3 giant cockroaches
  6 goblins
  3 hobgoblins
  2 jackals (D:2)
  2 quokkas (D:3)
  A ball python (D:1)
  6 bats
  3 frilled lizards (D:1)
  7 kobolds
  3 rats
49 creatures vanquished.

Notes
Turn   | Place    | Note
-------+----------+-------------------------------------------
     0 | D:1      | JarielCorvus the Avariel Reaver began the quest for the
                  | Orb.
     0 | D:1      | Reached XP level 1. HP: 13/13 MP: 6/6
    76 | D:1      | Reached XP level 2. HP: 18/18 MP: 7/7
   639 | D:1      | Reached XP level 3. HP: 22/23 MP: 9/9
   885 | D:2      | Reached * piety under Vehumet
   885 | D:2      | Offered knowledge of Magic Dart by Vehumet.
   888 | D:2      | Learned a level 1 spell: Magic Dart
  1001 | D:2      | Found a snail-covered altar of Cheibriados.
  1022 | D:2      | Reached skill level 4 in Long Blades
  1502 | D:2      | Reached XP level 4. HP: 26/28 MP: 10/10
  2030 | D:3      | Reached XP level 5. HP: 7/32 MP: 11/11
  2337 | D:3      | Reached skill level 5 in Long Blades
  2361 | D:3      | HP: 1/32 [poisoned by a worker ant]
  2361 | D:3      | Slain by a worker ant

Skill      XL: |  1  2  3  4  5 |
---------------+----------------+-----
Fighting       | 3 |  3.3
Long Blades    | 4 5 |  5.0
Dodging        | 4 |  4.0
Stealth        | |  0.5
Spellcasting   | |  2.9

Action                   |  1- 3 |  4- 6 || total
-------------------------+-------+-------++-------
Melee: Long sword        |   110 |   109 ||   219
  Use: Scroll            |     2 |     3 ||     5
       Potion            |       |     1 ||     1
 Stab: Sleeping          |     1 |     1 ||     2
  Eat: Chunk             |     2 |     2 ||     4
Armor: Steam dragon scal |    30 |    35 ||    65
Dodge: Dodged            |    77 |    77 ||   154
Block: Other             |       |     2 ||     2
